 Dungeon Crawl Stone Soup version 0.31.0-11-ge490571c62 (webtiles) character file.

Game seed: 8516148607285535124

1932 Derpghoster the Skirmisher (level 9, 0/69 HPs)
             Began as a Formicid Hunter on Jan 31, 2024.
             Was a Believer of Cheibriados.
             Slain by a rust devil (5 damage)
             ... summoned by a kobold demonologist
             ... on level 7 of the Dungeon.
             The game lasted 00:30:45 (7421 turns).

Derpghoster the Skirmisher (Formicid Hunter)        Turns: 7421, Time: 00:30:45

Health: 0/69       AC: -12   Str: 24    XL:     9   Next: 40%
Magic:  9/9        EV:  9    Int: 19    God:    Cheibriados [**....]
Gold:   337        SH:  0    Dex: 24    Spells: 8/8 levels left

rFire   . . .        a - +3 shortbow
rCold   . . .        (no shield)
rNeg    . . .        D - +2 chain mail of Goudd {Slay+2}
rPois   .            (helmet unavailable)
rElec   .            A - +1 cloak
rCorr   .            (no gloves)
SInv    +            y - +0 pair of boots
Will    .....        (no amulet)
Stlth   +            o - +6 ring of intelligence
HPRegen 0.31/turn    (no ring)
MPRegen 0.11/turn

%: no passive effects
@: corroded, very slow
A: permanent stasis, dig shafts and tunnels, antennae 3, four strong arms
a: Dig, Shaft Self, Renounce Religion, Bend Time


You were on level 7 of the Dungeon.
You worshipped Cheibriados.
Cheibriados was pleased with you.
You visited 2 branches of the dungeon, and saw 8 of its levels.

You collected 337 gold pieces.

Inventory:

Hand Weapons
 a - a +3 shortbow (weapon)
 m - a +1 dagger of electrocution
Missiles
 d - 2 throwing nets
Armour
 c - a +0 leather armour
 h - a +3 ring mail
 l - an orb of guile
 r - an orb of mayhem
 y - a +0 pair of boots (worn)
 A - a +1 cloak (worn)
 D - the +2 chain mail of Goudd (worn) {Slay+2}
   (You found it on level 7 of the Dungeon)

   Slay+2:    It affects your accuracy & damage with ranged weapons and melee
   (+2).
Jewellery
 j - a ring of magical power
 o - a +6 ring of intelligence (left hand)
 t - a ring of ice
Wands
 f - a wand of flame (12)
 q - a wand of light (8)
 u - a wand of iceblast (3)
 w - a wand of charming (7)
 z - a wand of mindburst (8)
Scrolls
 b - 2 scrolls of butterflies
 s - 2 scrolls of fog
 v - 2 scrolls of vulnerability
Potions
 e - 2 potions of might
 g - a potion of attraction {unknown}
 i - 3 potions of enlightenment {unknown}
 k - 6 potions of curing
 n - a potion of heal wounds
 p - a potion of lignification {unknown}
 x - a potion of brilliance
 B - a potion of resistance {unknown}
 C - a potion of magic {unknown}
 E - a potion of degeneration {unknown}


   Skills:
 * Level 6.2 Fighting
 + Level 8.5 Ranged Weapons
 * Level 5.0 Armour
 - Level 1.7 Dodging
 * Level 5.6 Stealth
 + Level 0.2 Invocations
 * Level 3.0 Evocations


You had 8 spell levels left.
You didn't know any spells.
Your spell library contained the following spells:

 Spells                   Type           Power      Damage    Failure   Level
 Slow                     Hex            0%         N/A       73%         1
 Sting                    Conj/Alch      0%         1d3       73%         1
 Lesser Beckoning         Tloc           0%         N/A       86%         2
 Mercury Vapours          Alch/Air       0%         N/A       86%         2
 Sublimation of Blood     Necr           0%         N/A       86%         2
 Confusing Touch          Hex            0%         N/A       97%         3
 Gell's Gravitas          Tloc           0%         N/A       97%         3
 Sigil of Binding         Hex            0%         N/A       97%         3
 Teleport Other           Tloc           0%         N/A       97%         3
 Vampiric Draining        Necr           0%         2d6       97%         3
 Olgreb's Toxic Radiance  Alch           0%         N/A       100%        4
 Petrify                  Alch/Erth      0%         N/A       100%        4
 Irradiate                Conj/Alch      0%         3d11      100%        5


Dungeon Overview and Level Annotations

Branches:
Dungeon (7/15)             Temple (1/1) D:4

Altars:
Ashenzari
Cheibriados
Dithmenos
Elyvilon
Fedhas
Gozag
Hepliaklqana
Kikubaaqudgha
Makhleb
Nemelex Xobeh
Okawaru
Qazlal
Ru
Sif Muna
Trog
Uskayaw
Vehumet
Wu Jian
Xom
Zin
The Shining One

Shops:
D:1 !   D:2 !

Annotations:
D:3 Grinder


Innate Abilities, Weirdness & Mutations

You cannot be hasted, slowed, berserked, paralysed or teleported.
You can dig through walls and to a lower floor.
You have a pair of large antennae on your head. (SInv)
Your four strong arms can wield two-handed weapons with a shield.


Message History

The shadow imp barely misses you. The rust devil hits you.
The rust devil corrodes you!
The kobold demonologist gestures wildly while chanting.
The shadow imp barely misses you.
You shoot an arrow. The arrow barely misses the shadow imp.
The rust devil completely misses you.
The deep elf pyromancer casts a spell.
The deep elf pyromancer blinks!
The kobold demonologist misses you. The shadow imp hits you.
Unknown command.
You shoot an arrow. The arrow hits the shadow imp.
You kill the shadow imp!
The shadow imp disappears in a puff of smoke!
The rust devil hits you! The rust devil corrodes you!
The kobold demonologist hits you with a +0 dagger.
The rust devil misses you. The rust devil barely misses you.
The rust devil hits you. The rust devil corrodes you!
The rust devil barely misses you.
The kobold demonologist hits you with a +0 dagger.
The rust devil hits you! The rust devil corrodes you!
The deep elf pyromancer mumbles some strange words.
The kobold demonologist miscasts a cantrip.
The rust devil hits you.
* * * LOW HITPOINT WARNING * * *
The rust devil corrodes you! The rust devil misses you.
The deep elf pyromancer casts a spell.
The deep elf pyromancer blinks!
The kobold demonologist miscasts a cantrip.
The vampire mumbles some strange words.
The vampire flickers and vanishes for a moment.
The kobold demonologist casts a spell.
The rust devil hits you.
* * * LOW HITPOINT WARNING * * *
The rust devil corrodes you! The rust devil closely misses you.
The kobold demonologist begins to cast a cantrip, but forgets the words!
The rust devil attacks as it pursues you!
The rust devil barely misses you. The rust devil hits you!
* * * LOW HITPOINT WARNING * * *
The rust devil corrodes you! The rust devil hits you.
You die...

##..#..## #..........'...'..
..V⌠?.. ###.###''###...###
#...# ###.# #####.....##
##''V## ..#.# #...#...#
##.....## #.#.# #...##..#
#.......###### #.#.#
#......##
...#####.#.#.###.#.# ###.####
<...####.#E.V..4.#'########.#
....[.§°°☼5.K554@........##†#
###.############.........##.#
....# #.........##.# #####
######.........##.# #
#.................# #
#...###.........#..# #
#...###.........#..# #
#......<#.......#..# #
#...###.#..####<#..#


You could see 2 rust devils, a kobold demonologist, a fire elemental (summoned),
a vampire (invisible), a quasit (summoned), a shadow imp (summoned) and an
ufetubus (summoned).

Vanquished Creatures
  Prince Ribbit (D:5)
  Menkaure (D:5)
  Edmund (D:5)
  2 ice beasts (D:5)
  A black bear (D:7)
  A sky beast (D:6)
  A phantom (D:6)
  2 bullfrogs
  A gnoll sergeant (D:6)
  A scorpion (D:7)
  A howler monkey (D:4)
  3 jellies
  A gnoll bouda (D:5)
  4 orc priests
  2 hounds
  Ijyb (D:3)
  An iguana (D:5)
  Jessica (D:3)
  2 sleepcaps (D:7)
  An orc wizard (D:6)
  15 gnolls
  7 adders
  A shadow imp (D:6)
  2 ribbon worms
  2 dart slugs
  23 orcs
  7 bats
  10 endoplasms
  3 giant cockroaches
  5 goblins
  7 hobgoblins
  2 jackals (D:2)
  13 kobolds
  3 quokkas
  8 ball pythons
  7 frilled lizards
  3 rats
147 creatures vanquished.

Notes
Turn   | Place    | Note
-------+----------+-------------------------------------------
     0 | D:1      | Derpghoster the Formicid Hunter began the quest for the
                  | Orb.
     0 | D:1      | Reached XP level 1. HP: 16/16 MP: 1/1
   139 | D:1      | Found Arisokh's Distillery.
   147 | D:1      | Reached XP level 2. HP: 22/22 MP: 2/2
   771 | D:2      | Found Xusuewoaga's Distillery.
   784 | D:2      | Reached XP level 3. HP: 19/28 MP: 3/3
   868 | D:2      | Found a bloodstained altar of Trog.
  1128 | D:2      | Reached skill level 1 in Armour
  1140 | D:2      | Reached XP level 4. HP: 34/34 MP: 4/4
  1803 | D:3      | Found a stormy altar of Qazlal.
  1823 | D:3      | Found a broken altar of Ashenzari.
  1849 | D:3      | Noticed Ijyb
  1868 | D:3      | Killed Ijyb
  1869 | D:3      | Reached skill level 5 in Ranged Weapons
  1869 | D:3      | Reached XP level 5. HP: 33/41 MP: 5/5
  1875 | D:3      | Noticed Jessica
  1877 | D:3      | Killed Jessica
  2075 | D:3      | Noticed Grinder
  2458 | D:3      | Found Atezaqap's General Store.
  3149 | D:4      | Found an iron altar of Okawaru.
  3197 | D:4      | Reached XP level 6. HP: 43/47 MP: 6/6
  3231 | D:4      | Found a staircase to the Ecumenical Temple.
  3250 | Temple   | Entered the Ecumenical Temple
  3338 | Temple   | Became a worshipper of Cheibriados the Contemplative
  4018 | D:5      | Entered Level 5 of the Dungeon
  4023 | D:5      | Noticed Edmund
  4079 | D:5      | Noticed an ice beast
  4088 | D:5      | Killed an ice beast
  4089 | D:5      | Reached skill level 6 in Ranged Weapons
  4089 | D:5      | Reached XP level 7. HP: 38/54 MP: 7/7
  4460 | D:5      | Reached * piety under Cheibriados
  4737 | D:5      | Found a glowing golden altar of the Shining One.
  4900 | D:5      | Reached XP level 8. HP: 61/61 MP: 8/8
  5078 | D:5      | Noticed Menkaure
  5083 | D:5      | Killed Menkaure
  5084 | D:5      | Reached skill level 7 in Ranged Weapons
  5084 | D:5      | Reached skill level 1 in Evocations
  5123 | D:5      | Noticed Prince Ribbit
  5221 | D:5      | Killed Edmund
  5222 | D:5      | Reached skill level 5 in Fighting
  5456 | D:5      | Killed Prince Ribbit
  5823 | D:6      | Reached skill level 5 in Stealth
  5835 | D:6      | Reached ** piety under Cheibriados
  5838 | D:6      | Reached XP level 9. HP: 53/68 MP: 9/9
  5994 | D:6      | Reached skill level 8 in Ranged Weapons
  6236 | D:6      | Found a hazy altar of Hepliaklqana.
  6648 | D:7      | Noticed a deep elf pyromancer
  7264 | D:7      | Reached skill level 5 in Armour
  7266 | D:7      | Identified the +2 chain mail of Goudd {Slay+2}
  7396 | D:7      | Noticed a kobold demonologist
  7409 | D:7      | Noticed a rust devil
  7414 | D:7      | Noticed a rust devil
  7421 | D:7      | Slain by a rust devil

Illustrated notes

Levels and vault maps discovered:
D:1:      roderic_octagonal_star, layout_loops_ring, serial_shops,
          nicolae_shop_crystal
D:2:      layout_basic, serial_shops,
          nicolae_shop_temple_entry_statues_fountains, basic_altar,
          lexackson_kobold_supper
D:3:      layout_basic, mainiacjoe_overflow_chevrons, grunt_qazlal_clouds,
          serial_shops, nicolae_shop_tiny_real_fake_doors, serial_curves,
          eino_curves_02, eino_curves_01, minivault_11, uniq_grinder, uniq_ijyb,
          uniq_jessica
D:4:      layout_basic, mainiacjoe_overflow_brackets,
          minmay_temple_entry_glassed_door, mrwooster_statue_mirror
D:5:      layout_cave_pods, nicolae_tso_swordbearing_angel, uniq_edmund,
          uniq_prince_ribbit1, uniq_menkaure
D:6:      layout_loops_cross, nzn_hepliaklqana_mist_gate
D:7:      layout_basic, serial_library, serial_library_hellmonk_hallway_a,
          serial_library_hellmonk_junction, serial_library_regret_index_headful,
          serial_library_hellmonk_h_bend, serial_library_hellmonk_small_corner,
          serial_library_regret_index_multi,
          serial_library_regret_index_small_wings, serial_shops,
          nicolae_lakefront_shop
Temple:   eino_temple_scatter_basement

Skill      XL: |  1  2  3  4  5  6  7  8  9 |
---------------+----------------------------+-----
Armour         | 1 2 3 4 5 |  5.0
Stealth        | 2 3 4 5 |  5.6
Fighting       | 3 4 5 6 |  6.2
Ranged Weapons | 5 6 7 8 |  8.5
Evocations     | 2 3 |  3.0
Dodging        | |  1.7
Invocations    | |  0.2

Action                     |  1- 3 |  4- 6 |  7- 9 || total
---------------------------+-------+-------+-------++-------
   Fire: Shortbow          |    86 |   204 |   255 ||   545
 Invoke: Bend Time         |       |       |     1 ||     1
Ability: Dig               |     5 |     3 |     6 ||    14
  Evoke: Wand              |       |     2 |       ||     2
    Use: Scroll            |     3 |     7 |     6 ||    16
         Potion            |       |       |     2 ||     2
 Armour: Leather armour    |    23 |       |       ||    23
         Ring mail         |     1 |    64 |    79 ||   144
         Chain mail        |       |       |    22 ||    22
  Dodge: Dodged            |    43 |    62 |    81 ||   186
